 Dungeon Crawl Stone Soup version 0.27.1-33-g824d729ab1 (webtiles) character file.

Game seed: 14342723630252222480

329 alasdair19 the Covered (level 6, 0/79 HPs)
             Began as a Minotaur Fighter on Dec 9, 2021.
             Slain by a killer bee (7 damage)
             ... on level 4 of the Dungeon.
             The game lasted 00:09:49 (2679 turns).

alasdair19 the Covered (Minotaur Fighter)           Turns: 2679, Time: 00:09:50

Health: 0/79       AC: 23    Str: 22    XL:     6   Next: 25%
Magic:  5/5        EV:  2    Int:  6    God:
Gold:   149        SH:  9    Dex:  9    Spells: 5/5 levels left

rFire    . . .     SeeInvis .   a - +0 long sword
rCold    . . .     Faith    .   c - +0 kite shield
rNeg     + + +     Spirit   .   (armour currently unavailable)
rPois    +         Reflect  .   (helmet currently unavailable)
rElec    .         Harm     .   (cloak currently unavailable)
rCorr    .         Rampage  .   (gloves currently unavailable)
Will     .....     NoTele   +   (boots currently unavailable)
Stlth    +.........             (no amulet)
HPRegen  0.23/turn              (no ring)
MPRegen  0.09/turn              (no ring)

@: tree-form (expiring)
A: stationary, stasis, torment immunity, boosted hp, (horns 2), (retaliatory
headbutt)
a: no special abilities


You were on level 4 of the Dungeon.
You were a tree.
You visited 1 branch of the dungeon, and saw 4 of its levels.

You collected 149 gold pieces.

Inventory:

Hand Weapons
 a - a +0 long sword (weapon)
Missiles
 e - 8 boomerangs
 h - 10 poisoned darts (quivered)
Armour
 b - a +0 scale mail (melded)
 c - a +0 kite shield (worn)
 k - a +0 cloak (melded)
Jewellery
 i - a ring of willpower
Scrolls
 d - 2 scrolls of teleportation
 g - 2 scrolls of identify
 j - a scroll of fog


   Skills:
 + Level 4.5 Fighting
 + Level 4.8 Long Blades
 * Level 2.4 Throwing
 + Level 5.1 Armour
 + Level 4.7 Shields


You had 5 spell levels left.
You didn't know any spells.
Your spell library contained the following spells:

 Spells                   Type           Power      Damage    Failure   Level
 Animate Skeleton         Necr           0%         N/A       88%         1
 Pain                     Necr           0%         1d4       88%         1
 Slow                     Hex            0%         N/A       95%         2
 Static Discharge         Conj/Air       0%         N/A       95%         2
 Confusing Touch          Hex            0%         N/A       99%         3
 Vampiric Draining        Necr           0%         2d6       99%         3
 Lightning Bolt           Conj/Air       0%         1d11      100%        5
 Maxwell's Capacitive Co  Air            0%         ∞         100%        8


Dungeon Overview and Level Annotations

Branches:
Dungeon (4/15)
 Temple: D:4-7

Altars:
Vehumet

Shops:
D:2 (   D:3 [


Innate Abilities, Weirdness & Mutations

You are a tree.
Your roots penetrate the ground, keeping you stationary.
You cannot be teleported.
You are immune to unholy pain and torment.
Your maximum health is greatly increased.
Your equipment is partially melded.
((You have a pair of horns on your head.))
((You reflexively headbutt those who attack you in melee.))


Message History

The adder bites you.
* * * LOW HITPOINT WARNING * * *
The killer bee barely misses you.
Your ogre misses the killer bee. The adder bites you but does no damage.
Your endoplasm hits the adder.
The killer bee stings you but does no damage.
You barely miss the killer bee. The killer bee stings you.
* * * LOW HITPOINT WARNING * * *
The adder bites you but does no damage.
The killer bee stings you but does no damage.
Your endoplasm barely misses the adder.
Your ogre closely misses the killer bee.
Unknown command.
You barely miss the killer bee.
The killer bee stings you but does no damage.
The adder bites you but does no damage.
The killer bee stings you but does no damage.
Your endoplasm hits the adder. The adder bites you but does no damage.
Your ogre closely misses the killer bee.
The killer bee stings you but does no damage.
You closely miss the killer bee.
Your transformation is almost over.
The killer bee stings you but does no damage.
You block the adder's attack.
Your endoplasm freezes the adder.
The adder is frozen.
The adder seems to slow down.
The killer bee stings you but does no damage.
Your ogre barely misses the killer bee.
Your endoplasm hits the adder. The adder barely misses you.
You riposte.
You slash the adder!
You kill the adder!
You block the killer bee's attack.
You hit the killer bee.
The killer bee is lightly wounded.
You block the killer bee's attack.
The killer bee stings you but does no damage.
Your ogre misses the killer bee. You closely miss the killer bee.
The killer bee is lightly wounded.
The killer bee stings you but does no damage.
The killer bee stings you!
You die...

########## #.........
.####.....####
>............# #
#####..<..##.######.#####
#####.....##(.Oy♣J.......
.........###..#####.#####
#######.........###.#
#...........!.#
######.$#.#####
........#.# ######.....#
#.......# #...>....#


You could see a killer bee (ally target), a friendly ogre (summoned) and a
friendly endoplasm (summoned).

Vanquished Creatures
  2 killer bees (D:4)
  2 orc priests (D:3)
  Jessica (D:3)
  A river rat (D:3)
  6 adders
  A shadow imp (D:3)
  A worm (D:3)
  3 dart slugs
  8 orcs (D:3)
  5 bats
  5 endoplasms
  5 giant cockroaches
  6 goblins
  4 hobgoblins
  4 jackals (D:4)
  3 quokkas (D:3)
  4 ball pythons
  3 frilled lizards
  6 kobolds
  8 rats
78 creatures vanquished.

Notes
Turn   | Place    | Note
-------+----------+-------------------------------------------
     0 | D:1      | alasdair19 the Minotaur Fighter began the quest for the
                  | Orb.
     0 | D:1      | Reached XP level 1. HP: 19/19 MP: 0/0
   230 | D:1      | Reached XP level 2. HP: 27/27 MP: 1/1
   536 | D:1      | Reached skill level 4 in Armour
   834 | D:2      | Found Erasobb's Antique Weapon Boutique.
   958 | D:2      | Reached XP level 3. HP: 32/33 MP: 2/2
  1386 | D:3      | Reached skill level 1 in Throwing
  1458 | D:3      | Found Juxzusar's Antique Armour Emporium.
  1590 | D:3      | Reached XP level 4. HP: 40/40 MP: 3/3
  1641 | D:3      | Found a radiant altar of Vehumet.
  1690 | D:3      | Noticed Jessica
  1702 | D:3      | Killed Jessica
  1703 | D:3      | Reached XP level 5. HP: 39/46 MP: 4/4
  2635 | D:4      | Reached skill level 5 in Armour
  2635 | D:4      | Reached XP level 6. HP: 30/53 MP: 5/5
  2679 | D:4      | Slain by a killer bee

Illustrated notes

Levels and vault maps discovered:
D:1:      dpeg_arrival_tiny_i, layout_loops_ring
D:2:      layout_loops_ring, serial_shops, nicolae_shop_waterfront, hex_large
D:3:      layout_loops_corners, lemuel_crystal_altar, serial_shops,
          nicolae_shop_overgrown_old_shop, gup_sewer_entry_spiral, uniq_jessica
D:4:      layout_loops_ring, nicolae_tso_swordbearing_angel

Skill      XL: |  1  2  3  4  5 |
---------------+----------------+-----
Armour         | 4 5 |  5.1
Fighting       | 4 |  4.5
Throwing       | 1 2 |  2.4
Long Blades    | 3 4 |  4.8
Shields        | 4 |  4.7

Action                   |  1- 3 |  4- 6 || total
-------------------------+-------+-------++-------
Melee: Long sword        |    86 |    99 ||   185
       Headbutt          |    12 |    14 ||    26
Throw: Dart              |       |     2 ||     2
  Use: Scroll            |     5 |     3 ||     8
       Potion            |       |     3 ||     3
Armor: Scale mail        |    43 |    29 ||    72
       Skin              |       |    35 ||    35
Dodge: Dodged            |    34 |    43 ||    77
Block: Kite shield       |    50 |    73 ||   123
       Rpst.: Long sword |     8 |    11 ||    19
